 Dungeon Crawl Stone Soup version 0.19.5 (webtiles) character file.

30 Zhenya24pyc the Cudgeler (level 3, -2/23 HPs)
             Began as a Gargoyle Fighter on Apr 8, 2017.
             Slain by an adder (3 damage)
             ... on level 2 of the Dungeon.
             The game lasted 00:02:15 (1634 turns).

Zhenya24pyc the Cudgeler (Gargoyle Fighter)         Turns: 1634, Time: 00:02:16

Health: -2/23      AC: 11    Str: 20    XL:     3   Next: 20%
Magic:  3/3        EV:  7    Int:  8    God:
Gold:   132        SH:  9    Dex:  9    Spells: 0 memorised, 2 levels left

rFire  . . .     SeeInvis .     a - +0 flail
rCold  . . .     Gourm    .     b - +0 scale mail
rNeg   + . .     Faith    .     c - +0 shield
rPois  ∞         Spirit   .     (no helmet)
rElec  +         Reflect  .     (no cloak)
rCorr  .         Harm     .     (no gloves)
MR     .....     Rnd*Tele +     q - +0 pair of boots
Stlth  ..........               h - amulet of inaccuracy (curse)
                                (no ring)
                                j - ring of teleportation (curse)

@: no status effects
A: negative energy resistance 1, electricity resistance, unbreathing,
petrification resistance, rot immunity, AC +3
a: no special abilities


You were on level 2 of the Dungeon.
You were not hungry.

You visited 1 branch of the dungeon, and saw 2 of its levels.

You collected 132 gold pieces.

Inventory:

Hand Weapons
 a - a +0 flail (weapon)
Armour
 b - a +0 scale mail (worn)
 c - a +0 shield (worn)
 q - a +0 pair of boots (worn)
Jewellery
 h - a cursed amulet of inaccuracy (around neck)
 j - a cursed ring of teleportation (left hand)
Scrolls
 g - 2 scrolls of identify {unknown}
 i - a scroll of remove curse {unknown}
 k - a scroll of recharging {unknown}
 o - a scroll of enchant armour {unknown}
Potions
 d - a potion of might
 e - a potion of lignification {unknown}
 m - a potion of degeneration {unknown}
 n - a potion of resistance {unknown}
Comestibles
 f - 2 bread rations
 l - 6 fruits
 p - a slice of pizza


   Skills:
 - Level 3.2 Fighting
 * Level 3.5 Maces & Flails
 - Level 3.2 Armour
 - Level 3.2 Shields


You had 2 spell levels left.
You didn't know any spells.

Dungeon Overview and Level Annotations

Branches:
Dungeon (2/15)

Altars:
Trog


Innate Abilities, Weirdness & Mutations

You are resistant to torment.
Your stone body is resilient. (AC +3)
You are immune to poison.
You resist negative energy. (rN+)
You are resistant to electric shocks. (rElec)
You can survive without breathing.
You are immune to petrification.
You are immune to rotting.


Message History

You miss the adder.
The adder is almost dead.
The adder bites you but does no damage. The rat closely misses you.
You block the adder's attack.
You miss the adder.
The adder is almost dead.
The rat bites you but does no damage. You block the adder's attack.
The rat bites you.
* * * LOW HITPOINT WARNING * * *
You miss the adder.
The adder is almost dead.
You block the adder's attack. The adder bites you but does no damage.
The rat bites you but does no damage.
You barely miss the adder.
The adder is almost dead.
The adder barely misses you. You block the rat's attack.
You barely miss the adder.
The adder is almost dead.
The adder bites you.
You die...

.####............#.#
....#...#........#.# ##
########.<............#.# ..
...........##.######.#.# .#
.................#.#.#
.#######.##..#.#..#.##.#.#.######
.#................#[# #.#.......
.#.####.####...#r.# # #.#######.
.#.####'#####..#@.# #.# #...
.#..............S.# ####.# #.##
#........####..#.#.##....# #.#
#÷.......# #..#.####.##.## #.#
#........####..#...##.#...####.#
.................#.....(_......#
........######...######...#.####
........# #....# ##.##.#
........#####....# #....#


You could see an adder and a rat.

Vanquished Creatures
  An adder (D:2)
  3 bats (D:1)
  2 giant cockroaches
  5 goblins
  A hobgoblin (D:1)
  2 frilled lizards
  2 kobolds
  6 rats
22 creatures vanquished.

Notes
Turn   | Place    | Note
-------+----------+-------------------------------------------
     0 | D:1      | Zhenya24pyc the Gargoyle Fighter began the quest for the Orb.
     0 | D:1      | Reached XP level 1. HP: 14/14 MP: 1/1
   458 | D:1      | Reached XP level 2. HP: 16/19 MP: 2/2
  1233 | D:2      | Reached XP level 3. HP: 11/23 MP: 3/3
  1480 | D:2      | Found a bloodstained altar of Trog.
  1624 | D:2      | HP: 1/23 [adder (3)]
  1631 | D:2      | HP: 1/23 [rat (1)]
  1634 | D:2      | Slain by an adder

Skill      XL: |  1  2 |
---------------+-------+-----
Maces & Flails | 3 |  3.5
Fighting       | |  3.2
Armour         | |  3.2
Shields        | |  3.2

Action                   || total
-------------------------++-------
Melee: Flail             ||   321
  Eat: Chunk             ||     3
Armor: Scale mail        ||   242
Dodge: Dodged            ||   151
Block: Shield            ||   207
